[Event "Titled Tuesday Blitz September 14 2021"]
[White "Chigaev, Maksim"]
[Black "Kobalia, Mikhail"]
[WhiteFideId "4108116"]
[BlackFideId "4119150"]
[WhiteElo "2610"]
[BlackElo "2626"]
[Result "0-1"]
[Round "07"]
[TimeControl "180+1"]
[Date "2021.09.15"]
[WhiteClock "0:00:07"]
[BlackClock "0:01:04"]

1. d4 d5 2. c4 c6 3. Nf3 Nf6 4. g3 Bf5 5. Nc3 e6 6. Qb3 Qb6 7. c5 Qc7 8. Bf4 Qc8 9. Bg2 h6 10. O-O Nbd7 11. Nd2 g5 12. Be3 Ng4 13. h3 Nxe3 14. fxe3 Bg7 15. e4 Bxd4+ 16. Kh2 Bg6 17. exd5 cxd5 18. e4 O-O 19. exd5 Nxc5 20. Qb4 Bxc3 21. bxc3 Nd3 22. Qd4 e5 23. Qe3 Qxc3 24. Ne4 Qd4 25. Qe2 f5 26. Nd6 e4 27. Kh1 Qxd5 0-1


[Site "https://www.chess.com"]

[Event "Titled Tuesday Blitz September 14 2021"]
[White "Deac, Bogdan-Daniel"]
[Black "Iskusnyh, Sergei"]
[WhiteFideId "1226380"]
[BlackFideId "4120027"]
[WhiteElo "2605"]
[BlackElo "2492"]
[Result "1/2-1/2"]
[Round "07"]
[TimeControl "180+1"]
[Date "2021.09.15"]
[WhiteClock "0:00:08"]
[BlackClock "0:00:10"]

1. d4 d5 2. Nf3 Nf6 3. c4 c6 4. Nc3 a6 5. e3 e6 6. Qc2 c5 7. cxd5 exd5 8. Be2 Be6 9. O-O Nc6 10. dxc5 Bxc5 11. a3 O-O 12. b4 Bd6 13. b5 Ne5 14. Nd4 Rc8 15. bxa6 bxa6 16. Bxa6 Nfg4 17. Bxc8 Qh4 18. h3 Rxc8 19. f4 Qg3 20. hxg4 Nxg4 21. Nf3 Bc5 22. Ne2 Nxe3 23. Qxh7+ Kxh7 24. Nxg3 Nxf1+ 25. Kxf1 Bd7 26. Rb1 Ba4 27. Rb7 f6 28. Nf5 Bc2 29. N3h4 Bf8 30. Be3 Bd3+ 31. Kf2 Rc2+ 32. Kg3 Be4 33. Bd4 Ra2 34. Bxf6 Rxa3+ 35. Kh2 d4 36. Bxd4 Bxb7 37. Be5 Ra4 38. Kg3 Bc8 39. Ne3 Ra3 40. Bd4 Rd3 41. Ba7 Ra3 42. Bd4 Rd3 43. Ba7 Bd6 44. Nf3 Ra3 45. Bd4 Bb7 46. Ng5+ Kg8 47. Kg4 Bc8+ 48. Kg3 Rd3 49. Ba7 Ra3 50. Bd4 Ra4 51. Be5 Bxe5 52. fxe5 Ra5 53. Kf4 Ra4+ 54. Kg3 Kf8 55. Nf3 Ra3 56. Kf4 Bb7 57. Ng4 Ra4+ 58. Kg3 Bxf3 59. gxf3 Ke7 60. f4 Ke6 61. Ne3 Ra3 62. Kf3 g6 63. Ke4 Ra4+ 64. Kf3 Rb4 65. Kg3 Rb3 66. Kf3 Ra3 67. Ke4 Ra4+ 68. Kf3 Rb4 69. Kg3 Rb3 70. Kf3 g5 71. fxg5 Kxe5 72. g6 Kd4 73. g7 Rxe3+ 74. Kf4 Re8 75. Kf5 Kd5 76. Kf6 Rg8 77. Kf7 Rxg7+ 78. Kxg7 1/2-1/2


[Site "https://www.chess.com"]

[Event "Titled Tuesday Blitz September 14 2021"]
[White "FarOut1364"]
[Black "Golubev, Mikhail"]
[BlackFideId "14100983"]
[WhiteElo "2737"]
[BlackElo "2374"]
[Result "1-0"]
[Round "07"]
[TimeControl "180+1"]
[Date "2021.09.15"]
[WhiteClock "0:00:35"]
[BlackClock "0:00:06"]

1. d4 Nf6 2. Nf3 d6 3. Nbd2 Nbd7 4. e4 e5 5. c3 Be7 6. Bd3 O-O 7. O-O b6 8. Re1 Bb7 9. b3 a5 10. Bb2 a4 11. bxa4 Nh5 12. g3 Nhf6 13. Qb3 d5 14. Nxe5 dxe4 15. Nxd7 Qxd7 16. Nxe4 Nxe4 17. Bxe4 Bxe4 18. Rxe4 Bd6 19. d5 Ra5 20. Rae1 Rfa8 21. c4 Rxa4 22. Qe3 h6 23. Qd4 Bf8 24. Rg4 f5 25. Rg6 Rxa2 26. Ree6 c5 27. Qe5 R2a4 28. Qxf5 Rxc4 29. Rxh6 Rb4 30. Qh7+ 1-0


[Site "https://www.chess.com"]

[Event "Titled Tuesday Blitz September 14 2021"]
[White "Garriga Cazorla, Pere"]
[Black "Djordjevic, Vuk"]
[WhiteFideId "32011601"]
[BlackFideId "902098"]
[WhiteElo "2430"]
[BlackElo "2463"]
[Result "0-1"]
[Round "07"]
[TimeControl "180+1"]
[Date "2021.09.15"]
[WhiteClock "0:00:18"]
[BlackClock "0:00:09"]

1. d4 Nf6 2. c4 e6 3. Nc3 Bb4 4. Qc2 O-O 5. Nf3 c5 6. dxc5 Na6 7. g3 Nxc5 8. Bg2 d5 9. cxd5 Qxd5 10. O-O Qc4 11. Ne5 Qa6 12. Be3 Bd7 13. a3 Bxc3 14. Qxc3 Na4 15. Qb4 Bb5 16. b3 Nb6 17. Bxb7 Qxb7 18. Qxb5 Qe4 19. Nf3 Nbd5 20. Qd3 Qxd3 21. exd3 Rfb8 22. b4 a5 23. Bc5 Nd7 24. Rfc1 axb4 25. axb4 Rxa1 26. Rxa1 Nxb4 27. Bd6 Nc2 28. Ra7 Rb1+ 29. Kg2 Nb6 30. Ng5 h6 31. Nxf7 Nd5 32. Ne5 Ne1+ 33. Kh3 Rb2 34. Bc5 Re2 35. Bd4 Nc2 36. Bb2 Ncb4 37. Ba1 Nc2 38. f4 Nxa1 39. Rxa1 Ne3 40. Rh1 Kh7 41. Kh4 Nf5+ 42. Kg4 Re3 43. Ra1 Re2 44. Rh1 Re3 45. Rd1 Re2 46. Nf3 Ne3+ 47. Kh3 Nxd1 48. Nd4 Re3 49. Nc6 Rxd3 50. Ne5 Re3 51. Kg2 Rxe5 52. fxe5 Ne3+ 53. Kf3 Nd5 54. Ke4 Kg6 55. g4 Kg5 56. Kf3 h5 57. gxh5 Kxh5 58. Kg3 Kg5 0-1


[Site "https://www.chess.com"]

[Event "Titled Tuesday Blitz September 14 2021"]
[White "Goltsev, Dmitry"]
[Black "Sarana, Alexey"]
[WhiteFideId "24176710"]
[BlackFideId "24133795"]
[WhiteElo "2334"]
[BlackElo "2671"]
[Result "0-1"]
[Round "07"]
[TimeControl "180+1"]
[Date "2021.09.15"]
[WhiteClock "0:00:09"]
[BlackClock "0:00:06"]

1. e4 c5 2. Nf3 d6 3. b3 Nf6 4. d3 g6 5. Bb2 Bg7 6. Nbd2 O-O 7. h3 Nc6 8. Be2 d5 9. O-O Re8 10. exd5 Nxd5 11. Bxg7 Kxg7 12. Qc1 e5 13. Re1 Nf4 14. Bf1 f6 15. Nc4 b6 16. Qd2 Bb7 17. g3 Qd5 18. Re4 f5 19. Ne3 Qd7 20. Rc4 Na5 21. gxf4 Bxf3 22. fxe5 Nxc4 23. Nxc4 Qd4 24. Re1 Qh4 25. Bg2 Bxg2 26. Kxg2 Rad8 27. Nd6 Re6 28. c3 f4 29. d4 cxd4 30. cxd4 f3+ 31. Kh2 h5 32. Re4 Qe7 33. Qf4 Rf8 34. Qg3 Rxd6 35. Rh4 Rc6 36. Rxh5 Rc2 37. Rh4 Rf5 38. Rg4 Qe6 39. h4 Rd2 40. Kg1 a5 41. h5 Rd1+ 42. Kh2 Rxh5+ 43. Rh4 Rxh4+ 44. Qxh4 Rd2 45. Kg3 Rd1 46. Kh2 Rf1 47. Qg3 Qf5 48. Qh4 g5 49. Qg3 Qh7+ 0-1


[Site "https://www.chess.com"]

[Event "Titled Tuesday Blitz September 14 2021"]
[White "Grischuk, Alexander"]
[Black "Demchenko, Anton"]
[WhiteFideId "4126025"]
[BlackFideId "4160258"]
[WhiteElo "2757"]
[BlackElo "2583"]
[Result "0-1"]
[Round "07"]
[TimeControl "180+1"]
[Date "2021.09.15"]
[WhiteClock "0:00:01"]
[BlackClock "0:00:15"]

1. e4 e5 2. Nf3 Nc6 3. Bb5 a6 4. Ba4 Nge7 5. O-O Ng6 6. c3 d5 7. d3 Be7 8. Re1 O-O 9. Nbd2 Be6 10. Nf1 b5 11. Bc2 Qd7 12. Ng3 Rad8 13. Be3 f6 14. a4 Kh8 15. h3 d4 16. Bd2 dxc3 17. bxc3 b4 18. Nf5 bxc3 19. Bxc3 Nf4 20. d4 Bxf5 21. exf5 Bb4 22. Bxb4 Nxb4 23. dxe5 Qc6 24. Be4 Rxd1 25. Bxc6 Rxa1 26. Rxa1 Nxc6 27. exf6 Rxf6 28. g3 Ne2+ 29. Kg2 h6 30. g4 g6 31. fxg6 Nf4+ 32. Kg3 Nxg6 33. Rd1 Rf7 34. Ng1 Nf4 0-1


[Site "https://www.chess.com"]

[Event "Titled Tuesday Blitz September 14 2021"]
[White "Holt, Conrad"]
[Black "Mirzoev, Azer"]
[WhiteFideId "2034387"]
[BlackFideId "13400304"]
[WhiteElo "2586"]
[BlackElo "2525"]
[Result "0-1"]
[Round "07"]
[TimeControl "180+1"]
[Date "2021.09.15"]
[WhiteClock "0:00:01"]
[BlackClock "0:00:15"]

1. d4 d5 2. c4 e6 3. Nc3 Be7 4. cxd5 exd5 5. Bf4 c6 6. e3 Nf6 7. Bd3 Bg4 8. Qb3 Qb6 9. Qc2 Bh5 10. Nf3 Bg6 11. Bxg6 hxg6 12. O-O-O Nbd7 13. h4 Qa5 14. Kb1 Bb4 15. Na4 Ne4 16. Ng5 Nxg5 17. hxg5 O-O-O 18. a3 Be7 19. Nc3 Nb6 20. Qe2 Rxh1 21. Qg4+ Nd7 22. Rxh1 Bxa3 23. Kc2 Bb4 24. Ne2 Qa4+ 25. Kb1 Qb5 26. Rc1 Qd3+ 27. Ka2 Qf5 28. Qh4 Nb6 29. Ng3 Qe6 30. Be5 Bf8 31. Qf4 Nc4 32. Bb8 Bd6 33. Bxd6 Nxd6 34. Rh1 Nf5 35. Nxf5 Qxf5 36. Qxf5+ gxf5 37. Rh7 Rg8 38. Kb3 Kd7 39. Kc3 a5 40. Kb3 b6 41. Ka4 Ke6 42. Rh1 g6 43. Rh7 Ra8 44. Kb3 c5 45. Ka4 cxd4 46. exd4 Rc8 47. b3 Rc2 48. Kb5 Rxf2 49. Kxb6 Rb2 50. Kxa5 Rxb3 51. Rh8 Rd3 52. Kb5 Rxd4 53. Re8+ Kd7 54. Rf8 Ke7 0-1


[Site "https://www.chess.com"]

[Event "Titled Tuesday Blitz September 14 2021"]
[White "Ibrahimli, Murad"]
[Black "Csonka, Balazs"]
[WhiteFideId "13410229"]
[BlackFideId "742910"]
[WhiteElo "2109"]
[BlackElo "2404"]
[Result "1-0"]
[Round "07"]
[TimeControl "180+1"]
[Date "2021.09.15"]
[WhiteClock "0:00:54"]
[BlackClock "0:00:01"]

1. e4 e5 2. Nf3 Nc6 3. Bb5 a6 4. Ba4 Bc5 5. c3 Nge7 6. O-O Ng6 7. d4 Ba7 8. d5 Nce7 9. d6 cxd6 10. Qxd6 O-O 11. c4 b5 12. cxb5 axb5 13. Bxb5 Bb7 14. Nc3 f5 15. Bg5 fxe4 16. Nxe5 Nf5 17. Bc4+ Kh8 18. Qxg6 hxg6 19. Bxd8 Rfxd8 20. Nf7+ Kh7 21. Nxd8 Rxd8 22. Bd5 Ba6 23. Bxe4 Bxf1 24. Rxf1 Nd4 25. Bd3 Rb8 26. b3 Rc8 27. Nd5 Kh6 28. h3 d6 29. Re1 Rf8 30. Re7 Nc6 31. Re2 Ne5 32. Be4 Rc8 33. g3 Rc1+ 34. Kg2 Ra1 35. f4 Nd7 36. h4 Nc5 37. b4 Na4 38. Bf3 1-0


[Site "https://www.chess.com"]

[Event "Titled Tuesday Blitz September 14 2021"]
[White "Jones, Gawain C B"]
[Black "Dobrov, Vladimir"]
[WhiteFideId "409561"]
[BlackFideId "4136594"]
[WhiteElo "2657"]
[BlackElo "2614"]
[Result "0-1"]
[Round "07"]
[TimeControl "180+1"]
[Date "2021.09.15"]
[WhiteClock "0:00:08"]
[BlackClock "0:00:13"]

1. Nf3 d5 2. g3 Nd7 3. c4 e6 4. cxd5 exd5 5. Nc3 Ngf6 6. Bg2 Be7 7. O-O O-O 8. d3 c6 9. e4 dxe4 10. dxe4 Nc5 11. e5 Nfe4 12. Nxe4 Nxe4 13. Qe2 Nc5 14. Rd1 Qc7 15. Bf4 Ne6 16. Be3 b6 17. Nd4 Nxd4 18. Bxd4 Bb7 19. e6 f6 20. Be5 Qxe5 21. Qxe5 fxe5 22. Rd7 Bc5 23. Rxb7 Rxf2 24. Kh1 Rd8 25. Bxc6 Rdd2 26. Rb8+ Rf8 27. Rb7 Rff2 28. Rb8+ Rf8 29. Rxf8+ Kxf8 30. Rf1+ Ke7 31. Rf7+ Kxe6 32. Rxa7 Rxb2 33. Rxg7 Kd6 34. Be4 Re2 35. Bd3 Re1+ 36. Kg2 e4 37. Bb5 Rb1 38. a4 Rb2+ 39. Kh3 h5 40. Rg6+ Ke5 41. Rg5+ Kd4 42. Rxh5 e3 43. Rh8 Kc3 44. Re8 Bd4 45. Kg4 Rxh2 46. Kf3 Rf2+ 47. Ke4 Bc5 48. Kd5 Kd2 49. g4 Bb4 50. Re4 Ba5 51. g5 Rg2 52. Re5 Rg4 53. Kc6 Rg3 54. Rd5+ Kc3 55. Re5 Kd4 56. Rd5+ Ke4 57. g6 Rxg6+ 58. Rd6 Rg5 59. Bd3+ Kf4 60. Rd4+ Kf3 61. Be4+ Kf2 62. Bd3 Rc5+ 63. Kb7 Rc3 64. Bb5 Rb3 65. Rf4+ Ke1 66. Re4 Rxb5 67. axb5 e2 68. Kc6 Kd2 69. Rd4+ Ke3 70. Rd8 e1=Q 71. Re8+ Kf2 72. Rxe1 Kxe1 73. Kd5 Kd2 74. Kc4 Kc2 75. Kd4 Kb3 76. Kd3 Kb4 77. Kc2 Kxb5 78. Kc1 Kc4 0-1


[Site "https://www.chess.com"]

[Event "Titled Tuesday Blitz September 14 2021"]
[White "Kamsky, Gata"]
[Black "Hansen, Eric"]
[WhiteFideId "2000024"]
[BlackFideId "2606771"]
[WhiteElo "2603"]
[BlackElo "2568"]
[Result "1/2-1/2"]
[Round "07"]
[TimeControl "180+1"]
[Date "2021.09.15"]
[WhiteClock "0:02:40"]
[BlackClock "0:02:16"]

1. d4 Nf6 2. Nf3 g6 3. Bg5 Bg7 4. c3 d6 5. Nbd2 O-O 6. e4 Qe8 7. Bd3 e5 8. O-O Nc6 9. Re1 Nh5 10. dxe5 Nxe5 11. Nxe5 Qxe5 12. Nf3 1/2-1/2


[Site "https://www.chess.com"]

[Event "Titled Tuesday Blitz September 14 2021"]
[White "Keymer, Vincent"]
[Black "Stoyanov, Tsvetan"]
[WhiteFideId "12940690"]
[BlackFideId "2917173"]
[WhiteElo "2524"]
[BlackElo "2191"]
[Result "1-0"]
[Round "07"]
[TimeControl "180+1"]
[Date "2021.09.15"]
[WhiteClock "0:00:53"]
[BlackClock "0:00:57"]

1. Nf3 Nf6 2. c4 e6 3. Nc3 d5 4. e3 c5 5. cxd5 exd5 6. d4 Nc6 7. Bb5 Bg4 8. Bxc6+ bxc6 9. Qa4 Bd7 10. O-O Bd6 11. dxc5 Bxc5 12. b3 O-O 13. Ba3 Qb6 14. Bxc5 Qxc5 15. Qd4 Qd6 16. Na4 Ne4 17. Rac1 Qa3 18. Ne5 Rfd8 19. f3 Nf6 20. Nc5 Be8 21. Qa4 Qb2 22. Ned3 Qd2 23. Qd4 Qxa2 24. Ra1 Qc2 25. Rf2 1-0


[Site "https://www.chess.com"]

[Event "Titled Tuesday Blitz September 14 2021"]
[White "Kezin, Roman"]
[Black "Lashkin, Jegor"]
[WhiteFideId "24124621"]
[BlackFideId "13907808"]
[WhiteElo "2570"]
[BlackElo "2293"]
[Result "0-1"]
[Round "07"]
[TimeControl "180+1"]
[Date "2021.09.15"]
[WhiteClock "0:00:04"]
[BlackClock "0:00:09"]

1. d4 Nf6 2. c4 e6 3. g3 d5 4. Bg2 dxc4 5. Nf3 a6 6. Ne5 Bb4+ 7. Nc3 Nd5 8. O-O O-O 9. Qc2 Nb6 10. Rd1 f6 11. Nf3 Nc6 12. e4 Be7 13. Bf4 Bd7 14. Qe2 Nb4 15. Ne1 Na4 16. Nxa4 Bxa4 17. Qxc4 Bxd1 18. Qxe6+ Kh8 19. Rxd1 Nc6 20. Nc2 Bd6 21. Be3 Qe8 22. Qb3 Qh5 23. Rc1 Qb5 24. Qc3 Rae8 25. a3 Qh5 26. d5 Ne5 27. h3 c5 28. f4 Nd7 29. g4 Qg6 30. Qd3 c4 31. Qxc4 Rc8 32. Qd3 Nc5 33. Bxc5 Bxc5+ 34. Kh2 Bd6 35. Rf1 Qh6 36. Nd4 Bxf4+ 37. Kh1 Be5 38. Ne6 Rg8 39. b4 Rc1 40. Rxc1 Qxc1+ 41. Qf1 Qxf1+ 42. Bxf1 Rc8 43. Kg2 Kg8 44. Kf3 Kf7 45. Bd3 Rc3 46. Ke2 Rxa3 47. Nd8+ Ke7 48. Nxb7 Bd6 49. Na5 Ra2+ 50. Kf3 Rh2 51. Bxa6 Rxh3+ 52. Kg2 Re3 53. Nc6+ Kd7 54. b5 Bc5 55. g5 Rxe4 56. gxf6 gxf6 57. Kf3 Rh4 58. Bb7 Kc7 59. Ba6 Ra4 60. Kg3 h5 61. Kh3 f5 62. Kg3 h4+ 63. Kh3 Bd6 64. b6+ Kxb6 65. Be2 Kc5 66. Bf3 Ra3 67. Kg2 h3+ 68. Kf2 h2 69. Bh1 Ra2+ 70. Kf3 Ra1 71. Kg2 Rg1+ 0-1


[Site "https://www.chess.com"]

[Event "Titled Tuesday Blitz September 14 2021"]
[White "Kovalev, Vladislav"]
[Black "Zhigalko, Sergei"]
[WhiteFideId "13504398"]
[BlackFideId "13502956"]
[WhiteElo "2573"]
[BlackElo "2662"]
[Result "0-1"]
[Round "07"]
[TimeControl "180+1"]
[Date "2021.09.15"]
[WhiteClock "0:00:08"]
[BlackClock "0:00:07"]

1. e4 c5 2. Nf3 Nc6 3. Bb5 Nf6 4. Nc3 Qc7 5. O-O Nd4 6. Re1 a6 7. Bf1 Ng4 8. g3 Nxf3+ 9. Qxf3 Ne5 10. Qe2 e6 11. d3 d6 12. Bg2 Be7 13. Nd1 O-O 14. a4 Rb8 15. a5 Nc6 16. Qd2 Bd8 17. h4 Nxa5 18. h5 h6 19. Ne3 Nc6 20. c3 b5 21. f4 a5 22. g4 a4 23. g5 hxg5 24. h6 gxf4 25. hxg7 Kxg7 26. Qf2 Bg5 27. Ng4 Ne5 28. Bxf4 Nxd3 29. Bxg5 Nxf2 30. Bf6+ Kg6 31. Kxf2 e5 32. Ne3 Be6 33. Bh4 Rh8 34. Bg3 Qe7 35. Rg1 Kg7 36. Bf3 Kf8 37. Rh1 Qf6 38. Rxh8+ Qxh8 39. Rh1 Qg7 40. Bh4 Ra8 41. Be2 a3 42. bxa3 Rxa3 43. Rg1 Qh7 44. Bg5 Ra2 45. Rg2 Qxe4 46. Bh6+ Ke7 47. Bg5+ Kd7 48. Rg3 Bc4 49. Nxc4 Qxc4 50. Re3 Rxe2+ 51. Rxe2 Qxc3 52. Be3 b4 53. Rd2 Qc4 54. Ke1 Ke6 55. Kd1 Qe4 56. Bf2 b3 57. Kc1 Qc4+ 58. Kb2 Qb5 59. Be3 c4 60. Rf2 d5 61. Bd2 d4 62. Rh2 c3+ 0-1


[Site "https://www.chess.com"]

[Event "Titled Tuesday Blitz September 14 2021"]
[White "Krysa, Leandro"]
[Black "Moroni, Luca Jr"]
[WhiteFideId "116807"]
[BlackFideId "865834"]
[WhiteElo "2490"]
[BlackElo "2491"]
[Result "0-1"]
[Round "07"]
[TimeControl "180+1"]
[Date "2021.09.15"]
[WhiteClock "0:00:02"]
[BlackClock "0:00:10"]

1. e4 g6 2. d4 Bg7 3. Nf3 d6 4. Bc4 Nf6 5. Qe2 O-O 6. O-O c6 7. e5 dxe5 8. dxe5 Nd5 9. Nbd2 Be6 10. Ne4 Nd7 11. Neg5 Bg4 12. e6 Ne5 13. exf7+ Nxf7 14. Ne6 Bxe6 15. Qxe6 Qd6 16. Qxd6 Nxd6 17. Bb3 a5 18. a4 Kh8 19. Rd1 Rad8 20. c3 Ne4 21. Bg5 Rxf3 22. Bxe7 Nxe7 23. gxf3 Nd2 24. f4 Bh6 25. Kg2 Bxf4 26. Bc2 Nd5 27. Re1 Rf8 28. Re6 Bg5 29. Rd6 Bh4 30. f3 Rxf3 31. Rd7 Rf2+ 32. Kh3 Nf3 33. Re1 Rxh2+ 34. Kg4 Nxe1 35. Rd8+ Bxd8 0-1


[Site "https://www.chess.com"]

[Event "Titled Tuesday Blitz September 14 2021"]
[White "Maghsoodloo, Parham"]
[Black "deribas12345"]
[WhiteFideId "12539929"]
[WhiteElo "2601"]
[BlackElo "2611"]
[Result "1-0"]
[Round "07"]
[TimeControl "180+1"]
[Date "2021.09.15"]
[WhiteClock "0:01:10"]
[BlackClock "0:00:17"]

1. e4 e6 2. d4 d5 3. Nc3 Nf6 4. e5 Ne4 5. Nce2 f6 6. f3 Ng5 7. h4 Nf7 8. f4 c5 9. c3 Nc6 10. Nf3 Be7 11. g4 fxe5 12. dxe5 Qb6 13. g5 Bd7 14. Bh3 O-O-O 15. Qc2 g6 16. Be3 d4 17. cxd4 Nb4 18. Qb3 Kb8 19. dxc5 Bxc5 20. Bxc5 Qxc5 21. Rc1 Qb5 22. Rc3 Bc6 23. Ned4 Qa5 24. Nxc6+ Nxc6 25. O-O Nd4 26. Nxd4 Rxd4 27. Bxe6 Nd8 28. Rc8# 1-0


[Site "https://www.chess.com"]

[Event "Titled Tuesday Blitz September 14 2021"]
[White "Makarian, Rudik"]
[Black "Rozman, Levy"]
[WhiteFideId "44105681"]
[BlackFideId "2039877"]
[WhiteElo "2411"]
[BlackElo "2376"]
[Result "1-0"]
[Round "07"]
[TimeControl "180+1"]
[Date "2021.09.15"]
[WhiteClock "0:01:14"]
[BlackClock "0:00:24"]

1. d4 g6 2. c4 Bg7 3. Nc3 c5 4. d5 Bxc3+ 5. bxc3 f5 6. h4 Nf6 7. h5 Rg8 8. hxg6 hxg6 9. Qa4 Ne4 10. Nf3 Qb6 11. Rh7 Qf6 12. Qc2 Rh8 13. Rxh8+ Qxh8 14. Ng5 Qxc3+ 15. Qxc3 Nxc3 16. f3 Na6 17. a4 Nb4 18. Kd2 Nca2 19. Bb2 d6 20. e4 Bd7 21. Be2 Bxa4 22. Rh1 Kd7 23. Rh7 Na6 24. Bf6 Re8 25. exf5 gxf5 26. Bd3 Kd8 27. Ne6+ Kc8 28. Bxe7 Rg8 29. Bxd6 Rxg2+ 30. Ke3 Bc2 31. Rh8+ Kd7 32. Rd8# 1-0


[Site "https://www.chess.com"]

[Event "Titled Tuesday Blitz September 14 2021"]
[White "Nakamura, Hikaru"]
[Black "Bluebaum, Matthias"]
[WhiteFideId "2016192"]
[BlackFideId "24651516"]
[WhiteElo "2884"]
[BlackElo "2681"]
[Result "1-0"]
[Round "07"]
[TimeControl "180+1"]
[Date "2021.09.15"]
[WhiteClock "0:01:05"]
[BlackClock "0:00:14"]

1. e4 e6 2. d4 d5 3. Nd2 c5 4. exd5 Qxd5 5. Ngf3 cxd4 6. Bc4 Qd6 7. O-O Nf6 8. Re1 Nc6 9. Ne4 Nxe4 10. Rxe4 Be7 11. Nxd4 O-O 12. Bd3 e5 13. Nxc6 bxc6 14. Qe2 f6 15. Bd2 Bf5 16. Ra4 Bxd3 17. cxd3 Rfd8 18. Be3 a6 19. Rc1 Qxd3 20. Qxd3 Rxd3 21. Kf1 c5 22. Ke2 Rd5 23. Ra5 Kf7 24. b4 Ke6 25. Bxc5 Bxc5 26. Rcxc5 Rxc5 27. Rxc5 Rb8 28. a3 Rb6 29. Ra5 Rd6 30. Rc5 g5 31. g4 f5 32. h3 Kf6 33. Ra5 Rc6 34. Kd3 Rd6+ 35. Kc4 Ke6 36. f3 e4 37. gxf5+ 1-0


[Site "https://www.chess.com"]

[Event "Titled Tuesday Blitz September 14 2021"]
[White "Perez Molina, Robinson"]
[Black "Rodriguez Hernandez, Luis Daniel"]
[WhiteFideId "3403882"]
[BlackFideId "3506770"]
[WhiteElo "2252"]
[BlackElo "2133"]
[Result "1-0"]
[Round "07"]
[TimeControl "180+1"]
[Date "2021.09.15"]
[WhiteClock "0:00:24"]
[BlackClock "0:00:04"]

1. Nf3 Nf6 2. c4 g6 3. Nc3 Bg7 4. e4 O-O 5. d4 d6 6. h3 Na6 7. Bg5 h6 8. Be3 c6 9. Be2 Nc7 10. Qd2 Kh7 11. g4 b5 12. g5 b4 13. gxf6 bxc3 14. bxc3 exf6 15. h4 h5 16. Bd3 Re8 17. Rg1 d5 18. exd5 cxd5 19. c5 Ba6 20. Bxa6 Nxa6 21. Qd3 Qa5 22. Kf1 Re4 23. Rh1 Rg4 24. Nd2 Re8 25. Re1 Qxa2 26. f3 Rxe3 27. Rxe3 Rf4 28. Re2 Bh6 29. Kg2 Rf5 30. Nf1 Qa5 31. Ng3 Rf4 32. Nxh5 Rf5 33. Ng3 Rf4 34. h5 Kg7 35. hxg6 fxg6 36. Re7+ Kf8 37. Rxa7 1-0


[Site "https://www.chess.com"]

[Event "Titled Tuesday Blitz September 14 2021"]
[White "Perez Ponsa, Federico"]
[Black "Vakhlamov, Igor L."]
[WhiteFideId "117927"]
[BlackFideId "24126748"]
[WhiteElo "2672"]
[BlackElo "2416"]
[Result "1-0"]
[Round "07"]
[TimeControl "180+1"]
[Date "2021.09.15"]
[WhiteClock "0:00:17"]
[BlackClock "0:00:01"]

1. c4 Nf6 2. g3 g6 3. Bg2 Bg7 4. Nc3 O-O 5. d4 c5 6. Nf3 cxd4 7. Nxd4 Nc6 8. O-O Qa5 9. Nb3 Qh5 10. e4 d6 11. Qxh5 Nxh5 12. Bd2 Be6 13. c5 Bxb3 14. axb3 dxc5 15. Be3 Nd4 16. Rad1 Rfd8 17. f4 Nf6 18. h3 Rab8 19. e5 Ne8 20. b4 b6 21. bxc5 bxc5 22. Ne4 Rxb2 23. Nxc5 Ne2+ 24. Kh2 Rc8 25. Nd3 Ra2 26. Nb4 Rb2 27. Nd5 Bf8 28. Bxa7 e6 29. Nf6+ Nxf6 30. exf6 Rcc2 31. Rf2 h5 32. h4 Ra2 33. Bb8 Rc8 34. Be5 Nc3 35. Rxa2 Nxa2 36. Rd7 Nb4 37. Rb7 Nc6 38. Bxc6 Rxc6 39. Rb8 Rc2+ 40. Kh3 Rc6 41. Bb2 Ra6 42. Bc3 Ra4 43. Rc8 Re4 44. Be5 1-0


[Site "https://www.chess.com"]

[Event "Titled Tuesday Blitz September 14 2021"]
[White "Rastbod, Ali"]
[Black "Zhurova, Anna"]
[WhiteFideId "12567477"]
[BlackFideId "54113075"]
[WhiteElo "2226"]
[BlackElo "1962"]
[Result "1/2-1/2"]
[Round "07"]
[TimeControl "180+1"]
[Date "2021.09.15"]
[WhiteClock "0:00:10"]
[BlackClock "0:00:15"]

1. c4 Nf6 2. Nc3 c5 3. g3 g6 4. Bg2 Bg7 5. Nf3 O-O 6. O-O d5 7. cxd5 Nxd5 8. d3 Nc6 9. Bd2 e6 10. Rc1 b6 11. a3 Bb7 12. Nxd5 Qxd5 13. b4 cxb4 14. axb4 Rac8 15. Ne1 Qd7 16. Qa4 Rfd8 17. Kh1 Nd4 18. Qxd7 Rxd7 19. Rxc8+ Bxc8 20. Bf3 Nxf3 21. Nxf3 Bb7 22. Kg2 Rc7 23. Rc1 Rxc1 24. Bxc1 b5 25. e4 Bc3 26. Bd2 Bb2 27. Be3 a6 28. Bd4 Bc1 29. Kf1 f5 30. Be3 Bxe3 31. fxe3 fxe4 32. dxe4 Bxe4 33. Ng5 Bd5 34. e4 Bc4+ 35. Kf2 Kg7 36. e5 h6 37. Ne4 g5 38. g4 Kg6 39. h3 h5 40. Nc5 hxg4 41. hxg4 Bd5 42. Nxa6 Kf7 43. Nc7 Bc6 44. Ke3 Ke7 45. Na6 Kd7 46. Nc5+ Ke7 47. Nd3 Bd5 48. Kd4 Bf3 49. Nf2 Kd7 50. Kc5 Be2 51. Ne4 Ke7 52. Nxg5 Bxg4 53. Kxb5 Kd7 54. Kc5 Kc7 55. b5 Bf5 56. b6+ Kb7 57. Nf7 Bh3 58. Nd6+ Kb8 59. Kc6 Bg2+ 60. Kd7 Bd5 61. Ke7 Ba2 62. Kf7 Bb3 63. Kg6 Bd5 64. Kg5 Ba2 65. Kf4 Bd5 66. Ke3 Ba2 67. Kd4 Bd5 68. Kc5 Bg2 69. b7 Ka7 70. Kb5 Bxb7 71. Kc5 Bd5 72. Nb5+ Kb7 73. Kd6 Ba2 74. Nc7 Kc8 75. Nxe6 Bb3 76. Nf8 Kd8 77. Nd7 Ba2 78. Nc5 Bc4 79. Ne6+ Ke8 80. Nc7+ Kd8 81. Nd5 Bxd5 82. Kxd5 Kd7 83. e6+ Ke7 84. Ke5 Ke8 85. Kd6 Kd8 86. Kd5 Ke7 87. Ke5 Ke8 88. Kf5 Ke7 89. Ke5 1/2-1/2


[Site "https://www.chess.com"]

[Event "Titled Tuesday Blitz September 14 2021"]
[White "Sadhwani, Raunak"]
[Black "Eljanov, Pavel"]
[WhiteFideId "35093487"]
[BlackFideId "14102951"]
[WhiteElo "2517"]
[BlackElo "2602"]
[Result "1-0"]
[Round "07"]
[TimeControl "180+1"]
[Date "2021.09.15"]
[WhiteClock "0:01:19"]
[BlackClock "0:00:17"]

1. d4 d5 2. Nf3 Nf6 3. Bf4 e6 4. e3 Bd6 5. Bd3 O-O 6. c3 b6 7. Qe2 a5 8. Bxd6 cxd6 9. Nbd2 Ba6 10. O-O Bxd3 11. Qxd3 Nc6 12. Rfe1 Qc7 13. a4 Rab8 14. e4 dxe4 15. Nxe4 Nxe4 16. Rxe4 h6 17. Rae1 Ne7 18. Rg4 Qc6 19. Nd2 Qxa4 20. h4 Nf5 21. Ne4 Qb3 22. Ng3 Qxb2 23. Nxf5 exf5 24. Qxf5 Qxc3 25. Re3 Qc1+ 26. Kh2 Rfe8 27. Reg3 1-0


[Site "https://www.chess.com"]

[Event "Titled Tuesday Blitz September 14 2021"]
[White "Sonis, Francesco"]
[Black "Nesterov, Arseniy"]
[WhiteFideId "895733"]
[BlackFideId "24198455"]
[WhiteElo "2373"]
[BlackElo "2494"]
[Result "0-1"]
[Round "07"]
[TimeControl "180+1"]
[Date "2021.09.15"]
[WhiteClock "0:01:20"]
[BlackClock "0:00:48"]

1. Nf3 d5 2. e3 Nf6 3. b3 Bf5 4. Bb2 e6 5. c4 c6 6. Be2 Be7 7. O-O O-O 8. Nc3 h6 9. d3 Nbd7 10. Re1 a5 11. Bf1 Nc5 12. Nd4 Bg6 13. f4 Nfd7 14. Qc2 e5 15. fxe5 Nxe5 16. Rad1 dxc4 17. bxc4 Nxc4 18. Bc1 Ne5 19. Ne4 Nxe4 20. dxe4 Qc7 21. Bb2 Bh4 22. g3 Bf6 23. Be2 Rad8 24. Rf1 Bg5 25. Qc1 Bxe4 26. Kf2 Rfe8 27. h4 Bf6 28. Ba1 Qe7 29. Ke1 Ng6 30. Rf2 Be5 31. Nf5 Bxf5 32. Rxf5 Bxg3+ 33. Kf1 Qxh4 34. Rh5 Qe4 35. Rxd8 Rxd8 36. Bc3 Rd5 37. Rxd5 Qh1# 0-1


[Site "https://www.chess.com"]